 Dungeon Crawl Stone Soup version 0.31-a0-986-g5e6e4ef867 (webtiles) character file.

Game seed: 18432652308754106899

583 DocClef the Shield-Bearer (level 7, 0/56 (60) HPs)
             Began as a Gnoll Fighter on Nov 3, 2023.
             Slain by a wight
             ... wielding a +4 hand axe
              (4 damage)
             ... on level 4 of the Dungeon.
             The game lasted 00:02:50 (2801 turns).

DocClef the Shield-Bearer (Gnoll Fighter)           Turns: 2801, Time: 00:02:50

HP:   0/56 (60)     AC:  7    Str: 17    XL:     7   Next: 37%
MP:   10/10         EV: 10    Int:  8    God:
Gold: 181           SH:  5    Dex: 11    Spells: 11/11 levels left

rFire   . . .        a - +0 war axe
rCold   . . .        c - +0 buckler
rNeg    . . .        b - +0 scale mail
rPois   .            (no helmet)
rElec   .            l - scarf {repulsion}
rCorr   .            (no gloves)
SInv    .            (no boots)
Will    .....        (no amulet)
Stlth   +            (no ring)
HPRegen 0.29/turn    (no ring)
MPRegen 0.12/turn

%: repel missiles
@: drained
A: fangs 1, strong nose, distributed training
a: no special abilities


You were on level 4 of the Dungeon.
You visited 1 branch of the dungeon, and saw 4 of its levels.

You collected 181 gold pieces.

Inventory:

Hand Weapons
 a - a +0 war axe (weapon)
Armour
 b - a +0 scale mail (worn)
 c - a +0 buckler (worn)
 l - a scarf of repulsion (worn)
Jewellery
 h - a ring of flight
Wands
 d - a wand of digging (3)
Scrolls
 e - 2 scrolls of identify {unknown}
 g - 2 scrolls of teleportation {unknown}
 k - a scroll of brand weapon {unknown}
 o - a scroll of vulnerability {unknown}
 q - a scroll of enchant weapon {unknown}
Potions
 f - a potion of lignification {unknown}
 i - a potion of brilliance {unknown}
 j - 2 potions of heal wounds {unknown}
 m - a potion of curing {unknown}
 n - a potion of enlightenment {unknown}
 p - a potion of berserk rage {unknown}


   Skills:
 + Level 7.0 Fighting
 + Level 2.5 Short Blades
 + Level 2.5 Long Blades
 + Level 5.2 Axes
 + Level 2.5 Maces & Flails
 + Level 2.5 Polearms
 + Level 2.5 Staves
 + Level 2.5 Ranged Weapons
 + Level 2.5 Throwing
 + Level 7.0 Armour
 + Level 2.5 Dodging
 + Level 2.5 Stealth
 + Level 7.0 Shields
 + Level 2.5 Unarmed Combat
 + Level 2.5 Spellcasting
 + Level 2.0 Conjurations
 + Level 2.0 Hexes
 + Level 2.0 Summonings
 + Level 2.0 Necromancy
 + Level 2.0 Translocations
 + Level 2.0 Transmutations
 + Level 2.0 Fire Magic
 + Level 2.0 Ice Magic
 + Level 2.0 Air Magic
 + Level 2.0 Earth Magic
 + Level 2.0 Poison Magic
 + Level 2.7 Invocations
 + Level 2.5 Evocations
 + Level 2.2 Shapeshifting


You had 11 spell levels left.
You didn't know any spells.
Your spell library contained the following spells:

 Spells                   Type           Power      Damage    Failure   Level
 Blink                    Tloc           8%         N/A       63%         2
 Lesser Beckoning         Tloc           8%         N/A       63%         2
 Momentum Strike          Conj/Tloc      8%         3d8       63%         2
 Dazzling Flash           Conj/Hex       8%         N/A       85%         3
 Summon Guardian Golem    Hex/Summ       4%         N/A       85%         3
 Volatile Blastmotes      Fire/Tloc      8%         2d10      85%         3
 Starburst                Conj/Fire      2%         6d3       100%        6
 Orb of Destruction       Conj           2%         9d5       100%        7
 Spellforged Servitor     Conj/Summ      2%         N/A       100%        7
 Maxwell's Capacitive Co  Air            2%         ∞         100%        8


Dungeon Overview and Level Annotations

Branches:
Dungeon (4/15)
 Temple: D:4-7

Altars:

Annotations:
D:4 1 runed translucent door, Crazy Yiuf


Innate Abilities, Weirdness & Mutations

You have very sharp teeth.
Your uncanny sense of smell can sniff out nearby items.
Your experience applies equally to all skills.


Message History

The wight hits you with a +4 hand axe!
You feel drained.
You are too injured to fight recklessly!
You are too injured to fight recklessly!
You are too injured to fight recklessly!
You are too injured to fight recklessly!
You are too injured to fight recklessly!
You are too injured to fight recklessly!
You are too injured to fight recklessly!
You are too injured to fight recklessly!
You are too injured to fight recklessly!
You are too injured to fight recklessly!
You are too injured to fight recklessly!
You are too injured to fight recklessly!
You are too injured to fight recklessly!
You are too injured to fight recklessly!
You hit the wight.
The wight is heavily damaged.
The wight barely misses you. The wight hits you with a +4 hand axe!
* * * LOW HITPOINT WARNING * * *
You barely miss the wight. Your bite misses the wight.
The wight is heavily damaged.
The wight hits you with a +4 hand axe!
* * * LOW HITPOINT WARNING * * *
You feel drained.
* * * LOW HITPOINT WARNING * * *
Unknown command.
You closely miss the wight.
The wight is heavily damaged.
You block the wight's attack.
You barely miss the wight.
The wight is heavily damaged.
The wight closely misses you.
You hit the wight but do no damage. Your bite misses the wight.
The wight is heavily damaged.
The wight hits you with a +4 hand axe.
* * * LOW HITPOINT WARNING * * *
The wight barely misses you.
Unknown command.
The wight attacks as it pursues you! The wight hits you with a +4 hand axe.
You die...

### #....†....#
#####)###### #.)#....#
## ∆ #..#.##. . #+##
##..#.##. o#.#..#
#...#SJ.J#oK ..#
#..##†###########
#..#..z..#......#######
#..#.#@#.#.#..#.##.....
#..#..#..#..##..##.....
#..#.#.#.#..##..##.....
#.##.....'.#..#.##.....
##.########.............
#...# ###########..#
#...# #...# ####...####
..# #.#.. #.........#
#.# #.###


You could see a wight, an adder, an orc and a kobold.

Vanquished Creatures
  Grinder (D:4)
  2 ogres (D:4)
  A hound (D:4)
  2 orc wizards (D:4)
  Natasha (D:4)
  4 adders
  4 worms
  3 dart slugs (D:1)
  5 orcs (D:4)
  6 ball pythons
  3 endoplasms
  6 giant cockroaches
  4 goblins
  5 hobgoblins
  2 kobolds
  2 quokkas
  4 bats
  A frilled lizard (D:1)
  10 rats
66 creatures vanquished.

Notes
Turn   | Place    | Note
-------+----------+-------------------------------------------
     0 | D:1      | DocClef the Gnoll Fighter began the quest for the Orb.
     0 | D:1      | Reached XP level 1. HP: 23/23 MP: 1/1
   234 | D:1      | Reached XP level 2. HP: 29/29 MP: 2/2
   811 | D:2      | Reached XP level 3. HP: 34/35 MP: 3/3
  1003 | D:2      | Reached skill level 1 in Invocations
  1450 | D:3      | Reached skill level 1 in Short Blades
  1450 | D:3      | Reached skill level 1 in Long Blades
  1450 | D:3      | Reached skill level 1 in Maces & Flails
  1450 | D:3      | Reached skill level 1 in Polearms
  1450 | D:3      | Reached skill level 1 in Staves
  1450 | D:3      | Reached skill level 1 in Ranged Weapons
  1450 | D:3      | Reached skill level 1 in Throwing
  1450 | D:3      | Reached skill level 1 in Dodging
  1450 | D:3      | Reached skill level 1 in Stealth
  1450 | D:3      | Reached skill level 1 in Unarmed Combat
  1450 | D:3      | Reached skill level 1 in Spellcasting
  1450 | D:3      | Reached skill level 1 in Evocations
  1526 | D:3      | Reached XP level 4. HP: 38/41 MP: 5/5
  1585 | D:3      | Reached skill level 1 in Shapeshifting
  1834 | D:3      | Reached skill level 1 in Conjurations
  1834 | D:3      | Reached skill level 1 in Hexes
  1834 | D:3      | Reached skill level 1 in Summonings
  1834 | D:3      | Reached skill level 1 in Necromancy
  1834 | D:3      | Reached skill level 1 in Translocations
  1834 | D:3      | Reached skill level 1 in Transmutations
  1834 | D:3      | Reached skill level 1 in Fire Magic
  1834 | D:3      | Reached skill level 1 in Ice Magic
  1834 | D:3      | Reached skill level 1 in Air Magic
  1834 | D:3      | Reached skill level 1 in Earth Magic
  1834 | D:3      | Reached skill level 1 in Poison Magic
  2230 | D:4      | Reached XP level 5. HP: 47/47 MP: 5/7
  2525 | D:4      | Found a runed translucent door.
  2526 | D:4      | Noticed Crazy Yiuf
  2571 | D:4      | Noticed an ogre
  2573 | D:4      | Noticed Natasha
  2578 | D:4      | Killed an ogre
  2579 | D:4      | Reached XP level 6. HP: 27/53 MP: 8/8
  2579 | D:4      | Killed Natasha
  2580 | D:4      | Reached skill level 5 in Axes
  2684 | D:4      | Noticed Grinder
  2712 | D:4      | Killed Grinder
  2713 | D:4      | Reached XP level 7. HP: 60/60 MP: 10/10
  2801 | D:4      | Slain by a wight

Illustrated notes

Levels and vault maps discovered:
D:1:      dpeg_arrival_simpleton_c, layout_basic
D:2:      layout_loops_ring, minmay_misc_feat_doors,
          chequers_serial_rivers_micro_e, chequers_serial_rivers_micro_e
D:3:      layout_loops_ring
D:4:      minmay_clustersquares, layout_loops_ring, uniq_grinder, uniq_natasha,
          uniq_crazy_yiuf_cottage

Skill      XL: |  1  2  3  4  5  6 |
---------------+-------------------+-----
Invocations    | 1 2 |  2.7
Short Blades   | 1 2 |  2.5
Long Blades    | 1 2 |  2.5
Maces & Flails | 1 2 |  2.5
Polearms       | 1 2 |  2.5
Staves         | 1 2 |  2.5
Ranged Weapons | 1 2 |  2.5
Throwing       | 1 2 |  2.5
Dodging        | 1 2 |  2.5
Stealth        | 1 2 |  2.5
Unarmed Combat | 1 2 |  2.5
Spellcasting   | 1 2 |  2.5
Evocations     | 1 2 |  2.5
Shapeshifting  | 1 2 |  2.2
Conjurations   | 1 2 |  2.0
Hexes          | 1 2 |  2.0
Summonings     | 1 2 |  2.0
Necromancy     | 1 2 |  2.0
Translocations | 1 2 |  2.0
Transmutations | 1 2 |  2.0
Fire Magic     | 1 2 |  2.0
Ice Magic      | 1 2 |  2.0
Air Magic      | 1 2 |  2.0
Earth Magic    | 1 2 |  2.0
Poison Magic   | 1 2 |  2.0
Axes           | 5 |  5.2
Fighting       | 7 |  7.0
Armour         | 7 |  7.0
Shields        | 7 |  7.0

Action                     |  1- 3 |  4- 6 |  7- 9 || total
---------------------------+-------+-------+-------++-------
  Melee: War axe           |    78 |   100 |    19 ||   197
         Bite              |     3 |     8 |     2 ||    13
  Throw: Throwing net      |       |     1 |       ||     1
    Use: Potion            |       |     1 |       ||     1
 Armour: Scale mail        |    47 |    66 |    11 ||   124
  Dodge: Dodged            |    41 |    31 |     6 ||    78
  Block: Buckler           |    26 |    29 |     4 ||    59

Table legend: (Time is in decaauts)
 A = Elapsed time spent in this place.
 B = Non-inter-level travel time spent in this place.
 C = Inter-level travel time spent in this place.
 D = Time resting spent in this place.
 E = Time spent auto-exploring this place.
 F = Levels seen in this place.
 G = Mean time per level.
                   A        B        C        D        E       F      G
               +--------+--------+--------+--------+--------+-----+--------+
         Total |   2858 |   2813 |     45 |     54 |   2274 |   4 |  714.5 |
       Dungeon |   2858 |   2813 |     45 |     54 |   2274 |   4 |  714.5 |
               +--------+--------+--------+--------+--------+-----+--------+

Top non-repeatable levels by time:
     D:1: 813 daAuts
     D:4: 794 daAuts
     D:2: 648 daAuts
     D:3: 600 daAuts
